 Dungeon Crawl Stone Soup version 0.22-a0-810-g93d1441 (webtiles) character file.

65 zishaf the Insei (level 4, -2/22 HPs)
             Began as a Vine Stalker Transmuter on July 23, 2018.
             Slain by a black mamba skeleton (10 damage)
             ... on level 2 of the Abyss.
             The game lasted 00:04:37 (2533 turns).

zishaf the Insei (Vine Stalker Transmuter)          Turns: 2533, Time: 00:04:38

Health: -2/22      AC:  2    Str: 14      XL:     4   Next: 13%
Magic:  0/8        EV: 12    Int: 13      God:
Gold:   193        SH:  0    Dex: 13 (14) Spells: 4/7 levels left

rFire    . . .     SeeInvis .     - Unarmed
rCold    . . .     Gourm    .   (no shield)
rNeg     . . .     Faith    .   b - +0 robe
rPois    .         Spirit   +   (no helmet)
rElec    .         Reflect  .   (no cloak)
rCorr    .         Harm     .   (no gloves)
MR       .....                  (no boots)
Stlth    +.........             (no amulet)
HPRegen  0.47/turn              (no ring)
MPRegen  0.11/turn              (no ring)

@: about to teleport
A: fangs 2, regeneration 1, magic shield, antimagic bite, no potion heal 3, rot
immunity
a: no special abilities


You were on level 2 of the Abyss.
You were not hungry.

You visited 1 branch of the dungeon, and saw 2 of its levels.
You visited the Abyss 1 time.

You collected 193 gold pieces.

Inventory:

Hand Weapons
 h - a +0 broad axe of holy wrath
Missiles
 a - 74 arrows
Armour
 b - a +0 robe (worn)
Jewellery
 n - an uncursed ring of poison resistance {unknown}
Scrolls
 c - a scroll of amnesia {unknown}
 f - 2 scrolls of teleportation
 g - 3 scrolls of immolation
 m - a scroll of fog {unknown}
Potions
 e - 2 potions of resistance {unknown}
 i - 2 potions of flight {unknown}
 j - 2 potions of haste {unknown}
 k - a potion of heal wounds {unknown}
 l - a potion of agility {unknown}
Comestibles
 d - 5 rations


   Skills:
 - Level 1.0 Fighting
 - Level 2.0 Dodging
 + Level 3.8 Unarmed Combat
 - Level 2.1 Spellcasting
 + Level 3.1 Transmutations


You had 4 spell levels left.
You knew the following spells:

 Your Spells              Type           Power        Failure   Level  Hunger
a - Beastly Appendage     Tmut           #.....       7%          1    ##.....
b - Sticks to Snakes      Tmut           #.......     11%         2    ###....

Your spell library contained the following spells:

 Spells                   Type           Power        Failure   Level  Hunger
 Spider Form              Tmut/Pois      #.........   36%         3    ####...
 Blade Hands              Tmut           #.........   88%         5    ######.
 Ice Form                 Ice/Tmut       #.......     78%         4    #####..


Dungeon Overview and Level Annotations

Branches:
Dungeon (2/15)

Altars:
Fedhas
Qazlal

Annotations:
D:2 Crazy Yiuf


Innate Abilities, Weirdness & Mutations

You have extremely sharp teeth.
Your natural rate of healing is unusually fast.
When hurt, damage is shared between your health and your magic reserves.
Your bite disrupts and absorbs the magic of your enemies.
Potions cannot restore your health.
You are immune to rotting.


Message History

h - a runed broad axe
Found a green potion.
i - 2 green potions (gained 1)
Found 14 stones.
There is an open door here.
Found 22 gold pieces.
There is an open door here.
You now have 193 gold pieces (gained 22).
Tentacles burst from the starspawn's body! 2 starspawn tentacles come into view.
As you read the scroll labeled ARHUF POTWOIST, it crumbles to dust.
The creatures around you are filled with an inner flame!
It was a scroll of immolation.
The black mamba skeleton bites you!
Ouch! That really hurt!
As you read the scroll labeled GITZYM XEQE, it crumbles to dust.
You feel strangely unstable.
You feel the power of the Abyss delaying your translocation!
It was a scroll of teleportation.
The black mamba skeleton bites you. The black mamba skeleton bites you!
You die...

####.....(......
...###.# # ###.
# #. ##'## ##
#...# #...# ..
#...### .#
#.....# .
##..#####.##. #
#...Z@Xw.....
#....#####.###
#... # .......#
+#.....# ...#
... .... #..#
... #..#


You could see a tentacled starspawn (inner flame), a starspawn tentacle and a
black mamba skeleton (inner flame).

Vanquished Creatures
  An adder (D:2)
  2 worms
  4 dart slugs (D:1)
  2 leopard geckos
  2 ball pythons
  6 bats (D:1)
  2 giant cockroaches
  4 hobgoblins
  3 jackals (D:1)
  5 frilled lizards
  A goblin (D:1)
  5 kobolds
  3 rats
  A fungus (D:1)
41 creatures vanquished.

Vanquished Creatures (collateral kills)
  A hobgoblin (D:1)
  A frilled lizard (D:2)
2 creatures vanquished.

Vanquished Creatures (others)
  A starspawn tentacle (Abyss:2)
1 creature vanquished.

Grand Total: 44 creatures vanquished

Notes
Turn   | Place    | Note
-------+----------+-------------------------------------------
     0 | D:1      | zishaf the Vine Stalker Transmuter began the quest for the Orb.
     0 | D:1      | Reached XP level 1. HP: 9/9 MP: 4/4
   299 | D:1      | Reached skill level 1 in Fighting
   350 | D:1      | Reached XP level 2. HP: 7/14 MP: 6/6
   546 | D:1      | Learned a level 2 spell: Sticks to Snakes
  1006 | D:1      | Reached XP level 3. HP: 18/18 MP: 5/7
  1962 | D:2      | Found a blossoming altar of Fedhas.
  1962 | D:2      | Found a stormy altar of Qazlal.
  2059 | D:2      | Found a runed door.
  2171 | D:2      | Gained mutation: Your natural rate of healing is unusually fast. [Vine Stalker growth]
  2171 | D:2      | Reached XP level 4. HP: 22/22 MP: 8/8
  2402 | D:2      | Noticed Crazy Yiuf
  2406 | D:2      | Cast into level 1 of the Abyss (Crazy Yiuf)
  2453 | Abyss:1  | Noticed a smoke demon
  2465 | Abyss:1  | Noticed a tentacled starspawn
  2529 | Abyss:2  | Noticed a tentacled starspawn
  2533 | Abyss:2  | Slain by a black mamba skeleton

Vault maps used:
D:1:      dpeg_arrival_short_road, minmay_misc_feat_iff, minmay_misc_feat_doors,
          minmay_misc_feat_five, minmay_gold_behind_fungi, skrybe_limestone_x,
          glass_columns_c
D:2:      grunt_temple_overflow_forces_of_nature, first_ration,
          uniq_crazy_yiuf_cottage
Abyss:2:  hangedman_abyss_lost_library

Skill      XL: |  1  2  3 |
---------------+----------+-----
Fighting       | 1 |  1.0
Dodging        | 2 |  2.0
Transmutations | 3 |  3.1
Unarmed Combat | |  3.8
Spellcasting   | |  2.1

Action                   |  1- 3 |  4- 6 || total
-------------------------+-------+-------++-------
Melee: Unarmed           |   135 |    15 ||   150
       Bite              |    40 |     4 ||    44
       Punch             |     2 |       ||     2
 Cast: Sticks to Snakes  |     2 |       ||     2
  Use: Scroll            |       |     2 ||     2
  Eat: Chunk             |     4 |     1 ||     5
Armor: Robe              |    29 |     5 ||    34
Dodge: Dodged            |    89 |    12 ||   101

Table legend:
 A = Spawn XP
 B = Non-spawn XP
 C = Spawn XP percentage of total XP
 D = Spawn monster count
 E = Non-spawn monster count
 F = Spawn count percentage of total count
 G = Total turns spent on level
                    A         B        C        D         E        F      G
               +---------+---------+-------+---------+---------+-------+---------
         Total |       0 |      93 |   0.0 |       0 |      42 |   0.0 |  2533
               +---------+---------+-------+---------+---------+-------+---------
           D:1 |       0 |      60 |   0.0 |       0 |      29 |   0.0 |  1713
           D:2 |       0 |      33 |   0.0 |       0 |      13 |   0.0 |   693
               +---------+---------+-------+---------+---------+-------+---------
